Map: Shadowed Jungle

Players

Musumeci - Winner!

  • Race: Zerg Zerg
  • League: Diamond
  • Spawn Location: 11:00

MichyMoko - Winner!

  • Race: Zerg Zerg
  • Spawn Location: 1:00

Maxtorym

  • Race: Terran Terran
  • League: Gold
  • Spawn Location: 7:00

Renzy

  • Race: Terran Terran
  • League: Platinum
  • Spawn Location: 5:00

VOD

Have the link to the VOD?

Description

Time

  • Played on: Feb. 19, 2017, 10:17 a.m.
  • Length: 13:45
Show
View Real Time Build Order
Export as new Build Order

Musumeci Zerg - Winner!

Build Orders: Hatch First 

Get SALT Encoding   

  12  0:01  Drone  
  13  0:08  Drone  
  14  0:14  Extractor  
  14  0:15  Drone  
  15  0:43  Hatchery  
  15  0:48  Drone, Extractor  
  15  1:04  Spawning Pool  
  15  1:05  Extractor  
  13  1:14  Drone  
  13  1:15  Drone, Extractor  
  16  1:23  Overlord  
  16  1:42  Drone x2  
  16  1:46  Drone  
  19  1:51  Queen  
  21  1:54  Queen  
  21  1:57  Drone  
  21  2:01  Drone  
  25  2:07  Overlord  
  25  2:10  Drone  
  25  2:27  Queen  
  25  2:28  Drone  
  28  2:33  Queen  
  28  2:36  Overlord  
  30  2:38  Drone  
  30  2:41  Drone  
  30  2:43  Drone  
  33  2:46  Drone  
  33  2:51  Drone x2  
  36  3:00  Drone x3  
  36  3:03  Overlord  
  39  3:13  Drone x4  
  39  3:16  Extractor  
  39  3:17  Extractor  
  41  3:22  Roach Warren  
  41  3:26  Drone x3  
  43  3:49  Overlord x2  
  43  3:58  Drone x2  
  45  4:08  Roach  
  45  4:09  Roach x3  
  53  4:18  Hatchery  
  52  4:27  Drone  
  52  4:29  Lair  
  52  4:30  Drone  
  54  4:32  Drone x4  
  58  4:43  Evolution Chamber x2  
  56  4:48  Drone x3, Extractor  
  56  4:51  Drone x4  
  56  4:52  Drone  
  63  4:53  Overlord  
  63  4:54  Extractor  
  63  4:57  Roach  
  64  5:20  Zerg Ground Armor Level 1, Zerg Missile Weapons Level 1  
  64  5:26  Extractor  
  63  5:31  Extractor  
  63  5:32  Roach  
  63  5:33  Roach x5  
  74  5:43  Drone x4  
  74  5:46  Drone x2  
  80  5:53  Spore Crawler  
  80  5:54  Spore Crawler  
  80  5:55  Drone x4, Spore Crawler  
  80  5:56  Drone  
  82  5:59  Spore Crawler  
  82  6:00  Glial Reconstitution  
  82  6:01  Spore Crawler  
  80  6:12  Drone x2  
  80  6:14  Overlord x5  
  82  6:34  Roach x8  
  98  6:50  Ravager x6  
  98  6:51  Ravager x4  
  108  6:59  Roach x7  
  121  7:30  Overlord x8  
  121  7:36  Zerg Missile Weapons Level 2  
  121  7:37  Zerg Ground Armor Level 2  
  121  7:53  Overlord  
  121  7:54  Overlord  
  119  8:09  Ravager x10  
  129  8:24  Roach x8  
  129  8:25  Roach x3  
  149  8:50  Roach x6  
  149  8:51  Roach  
  163  8:57  Roach x3  
  163  9:02  Tunneling Claws  
  169  9:04  Infestation Pit  
  169  9:05  Burrow  
  164  9:32  Roach x8, Extractor  
  164  9:34  Hatchery, Overlord  
  178  9:42  Roach x2  
  156  10:15  Roach x8  
  156  10:16  Roach x4  
  176  10:25  Roach  
  176  10:26  Roach x2  
  182  10:33  Drone x5  
  187  10:36  Drone  
  187  10:38  Drone  
  187  10:39  Drone  
  188  10:59  Roach x3  
  188  11:00  Roach x4  
  198  11:05  Roach x29  
  181  11:31  Roach  
  181  11:32  Roach x2  
  181  11:33  Roach  
  181  11:37  Ravager  
  181  11:38  Ravager x18  
  200  11:40  Roach  
  200  11:41  Roach x2  
  200  11:42  Roach x2, Hive  
  200  11:43  Roach x2  
  200  11:44  Roach  
  191  12:03  Roach x4  
  191  12:04  Roach x4  
  191  12:07  Hatchery  
  183  12:17  Roach x8  
  181  12:59  Roach x10  
  181  13:02  Roach x2  
  183  13:05  Roach x2  
  195  13:39  Ravager x7  
Show
View Real Time Build Order
Export as new Build Order

MichyMoko Zerg - Winner!

Build Orders: Hatch First 

Get SALT Encoding   

  12  0:01  Drone  
  13  0:21  Drone, Overlord  
  14  0:39  Drone x2  
  16  0:48  Drone  
  17  1:00  Drone  
  17  1:02  Hatchery  
  17  1:13  Spawning Pool  
  16  1:26  Drone x2  
  18  1:32  Extractor  
  18  1:38  Drone x2  
  19  1:48  Overlord  
  19  1:58  Drone  
  19  2:00  Queen  
  22  2:11  Zergling x2  
  22  2:15  Queen  
  23  2:21  Drone  
  23  2:22  Zergling x2  
  27  2:27  Drone  
  28  2:34  Metabolic Boost  
  28  2:46  Drone  
  29  2:56  Zergling x4  
  31  3:05  Queen  
  33  3:18  Overlord x2  
  34  3:20  Drone x3  
  34  3:26  Overlord x2  
  36  3:38  Extractor, Roach Warren  
  34  3:59  Drone x5  
  38  4:22  Lair  
  38  4:36  Zergling x4  
  38  4:37  Drone x4  
  46  4:38  Roach  
  46  4:39  Roach  
  48  4:48  Drone x2  
  48  4:51  Extractor  
  49  4:53  Drone x2  
  49  4:54  Drone x4, Extractor  
  51  5:07  Roach x2  
  55  5:21  Glial Reconstitution  
  55  5:23  Roach x3, Hydralisk Den  
  55  5:24  Roach x2  
  64  5:42  Roach x2  
  68  5:47  Overlord x3  
  68  5:56  Hatchery  
  68  5:57  Evolution Chamber  
  66  5:58  Evolution Chamber  
  65  6:21  Hydralisk  
  65  6:22  Hydralisk x7  
  65  6:23  Hydralisk  
  81  6:54  Hydralisk x2  
  81  6:55  Hydralisk x3  
  91  7:17  Drone x3  
  91  7:18  Drone x4  
  91  7:19  Overlord x2  
  91  7:20  Overlord x2  
  98  7:23  Zerg Missile Weapons Level 1  
  98  7:35  Zerg Ground Armor Level 1  
  98  7:48  Roach x3  
  98  7:49  Roach x3  
  110  7:54  Overlord x2  
  110  7:55  Drone  
  110  7:58  Drone  
  107  8:21  Overseer  
  107  8:48  Extractor  
  107  8:51  Extractor  
  105  9:04  Drone x4  
  105  9:05  Drone  
  105  9:07  Muscular Augments  
  110  9:16  Spore Crawler  
  109  9:25  Roach x5  
  109  9:26  Roach x9  
  109  9:27  Overlord x3  
  109  9:28  Overlord x2  
  137  9:43  Hatchery  
  137  9:45  Zerg Missile Weapons Level 2  
  136  9:49  Zerg Ground Armor Level 2  
  136  9:59  Queen  
  82  10:34  Hydralisk  
  82  10:35  Hydralisk x6  
  84  10:36  Hydralisk x4  
  104  10:54  Roach x3  
  104  10:55  Roach x7  
  122  11:28  Drone x3  
  122  11:30  Drone x3  
  122  11:31  Drone x2  
  130  11:35  Drone x4  
  134  11:42  Drone x6  
  134  11:43  Drone  
  141  11:50  Infestation Pit, Hydralisk  
  141  11:51  Hatchery  
Show
View Real Time Build Order
Export as new Build Order

Maxtorym Terran 

Build Orders: MMM Bio 

Get SALT Encoding   

  12  0:01  SCV  
  13  0:13  SCV  
  14  0:19  Supply Depot  
  14  0:26  SCV  
  15  0:41  SCV  
  16  0:43  Barracks  
  16  0:52  Refinery  
  16  0:53  SCV  
  17  1:08  Refinery  
  17  1:09  SCV  
  18  1:13  Supply Depot  
  18  1:21  SCV  
  19  1:27  Barracks  
  19  1:33  SCV, Marine  
  19  1:37  Supply Depot  
  21  1:48  Orbital Command  
  21  2:13  Barracks Tech Lab  
  21  2:23  Marine  
  21  2:27  Command Center  
  22  2:32  Refinery  
  22  2:33  SCV  
  23  2:42  Marine  
  24  2:48  Stimpack  
  24  2:54  Marauder  
  24  2:56  SCV  
  27  3:02  Barracks Reactor  
  27  3:08  SCV  
  28  3:17  Factory  
  28  3:18  Marine  
  29  3:24  SCV  
  30  3:36  SCV  
  31  3:42  Orbital Command  
  31  3:46  Barracks  
  31  3:49  SCV  
  31  3:50  Marine x2  
  34  3:59  Marauder  
  34  4:02  SCV  
  37  4:09  Engineering Bay  
  37  4:14  SCV  
  37  4:15  Factory Reactor  
  38  4:22  Orbital Command  
  38  4:28  Marauder, Marine x2  
  42  4:32  SCV  
  43  4:40  Terran Infantry Weapons Level 1  
  43  4:42  Missile Turret  
  43  4:45  SCV, Marine  
  44  4:46  Engineering Bay  
  44  4:51  Marine  
  44  4:52  Marine  
  47  5:00  Combat Shields  
  47  5:02  SCV x2  
  49  5:16  Terran Infantry Armor Level 1  
  49  5:18  Missile Turret  
  49  5:20  Refinery  
  49  5:22  Supply Depot  
  51  5:29  Widow Mine x2  
  51  5:30  Barracks  
  51  5:32  SCV  
  54  5:37  Barracks Tech Lab  
  54  5:44  SCV, Marine x2  
  54  5:45  Missile Turret  
  57  5:54  Starport, SCV  
  57  5:56  SCV  
  59  5:58  Marine x2  
  61  6:04  Marine  
  61  6:11  Supply Depot  
  62  6:13  Supply Depot  
  62  6:17  Marine x2  
  62  6:18  SCV x2  
  66  6:21  Barracks Reactor  
  66  6:23  Marauder  
  68  6:30  SCV  
  69  6:37  Armory  
  69  6:53  Marine  
  69  6:54  Marauder, Marine  
  71  6:57  Widow Mine  
  71  6:59  Widow Mine  
  77  7:03  Command Center  
  77  7:07  Marauder  
  79  7:11  Supply Depot  
  79  7:16  Marauder  
  79  7:18  Marine x4  
  85  7:27  Starport Reactor  
  85  7:46  Marauder x2, Widow Mine  
  85  7:47  Hellion  
  85  7:50  Terran Vehicle Weapons Level 1  
  93  7:53  Terran Infantry Weapons Level 2  
  93  7:55  Terran Infantry Armor Level 2  
  93  7:59  Missile Turret, Supply Depot  
  93  8:10  Marauder  
  93  8:11  Marauder  
  94  8:20  Widow Mine, Marine x2, Medivac  
  94  8:25  Bunker  
  100  8:32  Marauder  
  102  8:43  Refinery  
  102  9:21  SCV, Command Center  
  102  9:22  SCV, Marine, Medivac, Supply Depot  
  102  9:23  Marine  
  102  9:26  Marauder  
  102  9:36  Supply Depot  
  102  9:42  SCV, Marine  
  102  9:43  Widow Mine x2, SCV, Marine x2  
  102  9:44  Marauder  
  109  9:46  Medivac  
  109  9:56  Concussive Shells  
  109  9:57  Medivac  
  109  9:58  Marauder  
  113  10:03  Factory  
  113  10:11  Widow Mine x2  
  110  10:16  Medivac  
  110  10:19  Marine x3  
  110  10:20  Marauder  
  117  10:28  Medivac  
  118  10:33  Marauder  
  119  10:41  Marauder  
  121  10:46  Medivac  
  121  10:49  Widow Mine x2, Factory Tech Lab  
  123  10:52  Supply Depot  
  123  10:53  Marine x4  
  123  10:54  Marine  
  109  10:57  Medivac  
  109  11:01  Planetary Fortress  
  109  11:02  Marine  
  112  11:11  Widow Mine  
  112  11:13  Marine x5  
  112  11:18  Widow Mine x2  
  119  11:20  Marauder  
  125  11:27  Medivac x2  
  125  11:30  Marine x2  
  125  11:31  Marauder, Marine  
  125  11:32  Barracks  
  132  11:40  Widow Mine  
  132  11:46  Widow Mine  
  131  11:59  Marine x3  
  131  12:00  Marauder x2  
  131  12:01  Widow Mine  
  136  12:04  SCV x2  
  140  12:14  Siege Tank  
  140  12:15  Widow Mine  
  141  12:20  Marine  
  141  12:24  Marine  
  141  12:26  Marine x3  
  141  12:27  Marauder  
  112  12:45  Marauder  
  107  13:03  Marauder, Marine  
Show
View Real Time Build Order
Export as new Build Order

Renzy Terran 

Build Orders: Reaper Expand, MMM Bio 

Get SALT Encoding   

  12  0:04  SCV  
  13  0:21  SCV  
  14  0:22  Supply Depot  
  14  0:33  SCV  
  15  0:45  Barracks  
  15  0:48  SCV  
  16  0:52  Refinery  
  16  1:00  SCV  
  17  1:12  SCV  
  18  1:31  Orbital Command  
  18  1:34  Reaper  
  19  1:47  Command Center  
  19  1:57  SCV  
  20  2:07  Supply Depot  
  20  2:24  SCV  
  21  2:31  Command Center  
  21  2:32  Marine  
  21  2:36  SCV  
  23  2:48  SCV  
  23  2:49  Marine  
  25  3:00  SCV  
  25  3:03  Orbital Command  
  26  3:10  Barracks Reactor  
  26  3:11  Barracks  
  26  3:12  Barracks  
  26  3:13  SCV  
  26  3:25  SCV  
  27  3:29  SCV  
  28  3:36  Factory  
  28  3:49  Bunker  
  28  3:52  SCV, Supply Depot  
  28  3:53  SCV, Marine x2  
  28  3:54  Supply Depot  
  32  4:00  Orbital Command  
  27  4:21  SCV x2  
  27  4:22  Marine x2, Barracks Tech Lab  
  27  4:23  Marine  
  32  4:27  Starport, Factory Reactor  
  32  4:29  SCV  
  33  4:33  SCV x2  
  35  4:44  Barracks, Stimpack  
  35  4:46  Barracks Reactor  
  35  4:47  Orbital Command  
  35  4:49  SCV  
  36  5:10  SCV  
  36  5:11  SCV  
  38  5:21  Refinery  
  38  5:22  SCV  
  38  5:23  SCV, Marine x3  
  38  5:24  Refinery, Marine  
  38  5:25  Marauder  
  38  5:27  Medivac  
  48  5:31  SCV  
  48  5:34  SCV  
  48  5:35  SCV  
  51  5:42  Engineering Bay  
  51  5:45  SCV  
  51  5:46  SCV  
  51  5:47  SCV  
  54  5:50  Medivac  
  54  5:52  Marine  
  54  5:53  Marine x4  
  54  5:55  Marauder  
  63  5:57  SCV  
  63  5:58  Widow Mine, Barracks  
  66  6:11  SCV x3  
  68  6:15  Missile Turret  
  69  6:20  Refinery, Marine x2, Terran Infantry Weapons Level 1  
  69  6:21  Marine x3  
  74  6:30  Barracks  
  74  6:31  Barracks  
  74  6:33  Barracks  
  74  6:34  Barracks  
  72  6:46  SCV x3  
  75  6:49  Marine  
  75  6:50  Barracks Reactor x2  
  75  6:51  Marine  
  77  6:58  Widow Mine  
  77  6:59  Marine x2, Supply Depot  
  81  7:04  Supply Depot  
  81  7:06  Supply Depot  
  81  7:07  Supply Depot  
  81  7:09  SCV x3  
  81  7:10  Supply Depot  
  79  7:28  SCV x3  
  82  7:33  Barracks Reactor x3  
  82  7:34  Marauder, Marine x5  
  82  7:35  Marine x3  
  82  7:36  Combat Shields  
  91  7:39  Medivac x2  
  95  7:51  Missile Turret  
  95  7:55  Refinery  
  95  7:59  Engineering Bay  
  95  8:00  Armory  
  95  8:02  Missile Turret  
  95  8:14  Marine x2  
  95  8:15  Marine x9  
  95  8:16  Marine x3  
  95  8:17  Marauder  
  111  8:20  Supply Depot  
  111  8:23  Supply Depot  
  93  8:30  Widow Mine  
  93  8:32  Marine x4  
  93  8:33  Marine x3  
  88  8:46  Marine x6  
  91  9:03  Marine x3  
  91  9:04  Marine x4  
  91  9:05  Medivac x2  
  91  9:07  Terran Infantry Weapons Level 2  
  91  9:08  Terran Infantry Armor Level 1  
  102  9:13  Marine x5  
  102  9:14  Marine x2  
  102  9:16  Marauder  
  111  9:26  Marine x3  
  111  9:27  Marine x4  
  118  9:34  Factory Tech Lab  
  118  9:35  Marine x3  
  118  9:36  Marine x3  
  118  9:37  Marine  
  118  9:38  Marauder  
  127  9:57  Marine x5  
  127  9:58  Marine x10  
  103  10:15  Marine x2  
  103  10:17  Marine  
  103  10:18  Marine x7  
  110  10:22  Marine  
  110  10:23  Marine x2  
  113  10:46  Command Center  
  45  11:21  Marine x5  
  44  11:37  Marine  
  44  11:38  Marine x7  
  44  11:39  Marine  
  55  11:40  Marauder  
  55  11:56  SCV x2  
  55  12:00  Marine x5  
  55  12:01  Marine x7  
  64  12:02  Marine  
  54  12:35  Marine  
  54  12:36  Marine x5  
  60  13:08  Medivac x2  
Tags
 
Add a new tag
Caveats
  • Supply blocks, unpowered buildings, or Contaminate may cause inaccurate times.
  • Supply counts are checked every 10 seconds.